 Seeded DCSS version 0.25-a0-464-g3004169 (webtiles) character file.

Game seed: 6182461587212440505, levelgen mode: deterministic

23 Faels the Bolt Thrower (level 2, 0/23 HPs)
             Began as a Barachi Hunter on Feb 3, 2020.
             Slain by Terence
             ... wielding a +0 falchion of electrocution
              (19 damage)
             ... on level 2 of the Dungeon.
             The game lasted 00:04:24 (1146 turns).

Faels the Bolt Thrower (Barachi Hunter)             Turns: 1146, Time: 00:04:25

Health: 0/23       AC:  6    Str: 13    XL:     2   Next: 95%
Magic:  2/2        EV: 11    Int: 11    God:
Gold:   73         SH:  0    Dex: 12    Spells: 1/1 levels left

rFire    . . .     SeeInvis .   b - +0 short sword
rCold    . . .     Gourm    .   (no shield)
rNeg     . . .     Faith    .   n - +0 ring mail {MR+}
rPois    .         Spirit   .   (no helmet)
rElec    .         Reflect  .   p - +0 cloak (curse)
rCorr    .         Harm     .   (no gloves)
MR       +....                  (no boots)
Stlth    +.........             (no amulet)
HPRegen  0.07/turn              (no ring)
MPRegen  0.08/turn              (no ring)

@: can't hop, slow
A: +LOS, swims, slowness 1, strong legs 1
a: Hop


You were on level 2 of the Dungeon.
You were not hungry.

You visited 1 branch of the dungeon, and saw 2 of its levels.

You collected 73 gold pieces.

Inventory:

Hand Weapons
 a - a +1 hand crossbow
 b - a +0 short sword (weapon)
 j - a +0 spear
 k - a +0 dagger
Missiles
 d - 54 bolts
 q - 7 poisoned darts (quivered)
Armour
 c - a +0 leather armour
 n - a +0 ring mail of magic resistance (worn)
 p - a cursed +0 cloak (worn)
Scrolls
 h - a scroll of enchant weapon {unknown}
 m - a scroll of teleportation {unknown}
 r - a scroll of immolation {unknown}
Potions
 e - 2 potions of agility {unknown}
 i - a potion of heal wounds {unknown}
 l - 2 potions of flight {unknown}
 o - a potion of lignification {unknown}
Comestibles
 f - 2 rations


   Skills:
 + Level 2.8 Fighting
 + Level 1.0 Short Blades
 + Level 4.1 Crossbows
 + Level 2.5 Dodging
 + Level 1.3 Stealth


You had one spell level left.
You didn't know any spells.
Your spell library was empty.

Dungeon Overview and Level Annotations

Branches:
Dungeon (2/15)

Altars:

Annotations:
D:2 Terence


Innate Abilities, Weirdness & Mutations

You can be seen from farther away. (+LOS)
You can swim through water.
You cover ground slowly.
You can hop short distances.


Message History

Press: ? - help, Dir - move target cursor Boing!
b - a +0 short sword (weapon)
Throwing (i - inventory)
q - 9 poisoned darts (quivered)
Press: ? - help, Shift-Dir - straight line, f - Terence
Aim: Terence, wielding a +0 falchion of electrocution and wearing a +0 chain mail You throw a poisoned dart.
The poisoned dart hits Terence.
Throwing (i - inventory)
q - 8 poisoned darts (quivered)
Press: ? - help, Shift-Dir - straight line, f/p - Terence
Aim: Terence, wielding a +0 falchion of electrocution and wearing a +0 chain mail You throw a poisoned dart.
The poisoned dart barely misses Terence.
Terence misses you. Terence barely misses you. Terence shouts, "Now you die!"
Terence hits you with a +0 falchion of electrocution.
Terence hits you with a +0 falchion of electrocution.
You are electrocuted!!
Ouch! That really hurt!
You die...

#.################.#
#.#..........(...(.#
#.#.#############..#
#.#.#...........#..#
#.#.#.#########.#..#
###.#.#.#
#@...#....###
#...#.#.#
#.#..........
#.###.#.#
#.####......# #.#
#.#@####......#.....
#.#
#.#@##....########.#
#.# #..........# #.#
#.# ###.##.....# #.#
#.# #.....####'# #.#
#.# #.#.#.# ... #+#
#.# #.#.#.# ...#
#.#####.#.# ...#
##.#.....#.# ...#


You could see Terence.

Vanquished Creatures
  2 dart slugs
  A leopard gecko (D:1)
  4 goblins
  2 hobgoblins
  A bat (D:2)
  2 frilled lizards (D:1)
  4 kobolds
  2 rats (D:1)
18 creatures vanquished.

Notes
Turn   | Place    | Note
-------+----------+-------------------------------------------
     0 | D:1      | Faels the Barachi Hunter began the quest for the Orb.
     0 | D:1      | Reached XP level 1. HP: 17/17 MP: 1/1
    33 | D:1      | Reached skill level 1 in Stealth
    74 | D:1      | Reached XP level 2. HP: 23/23 MP: 2/2
  1030 | D:2      | Reached skill level 1 in Short Blades
  1107 | D:2      | Noticed Terence
  1146 | D:2      | Slain by Terence

Levels and vault maps discovered:
D:1:      psy_arrival_whirlpool, layout_basic
D:2:      layout_basic, minmay_overflow_temple_star_hex, uniq_terence

Skill      XL: |  1  2 |
---------------+-------+-----
Stealth        | 1 |  1.3
Short Blades   | 1 |  1.0
Fighting       | |  2.8
Crossbows      | |  4.1
Dodging        | |  2.5

Action                   || total
-------------------------++-------
Melee: Short sword       ||    22
 Fire: Hand crossbow     ||    31
Throw: Dart              ||     2
 Abil: Hop               ||     1
  Eat: Chunk             ||     1
Armor: Ring mail         ||     4
Dodge: Dodged            ||    15

Table legend:
 A = Non-vault XP
 B = Vault XP
 C = Vault XP percentage of total XP
 D = Non-vault monster count
 E = Vault monster count
 F = Vault count percentage of total count
                 A         B        C        D         E       F
            +---------+---------+-------+---------+---------+-------
      Total |      33 |       0 |   0.0 |      18 |       0 |   0.0
            +---------+---------+-------+---------+---------+-------
        D:1 |      21 |       0 |   0.0 |      12 |       0 |   0.0
        D:2 |      12 |       0 |   0.0 |       6 |       0 |   0.0
            +---------+---------+-------+---------+---------+-------
